 Dungeon Crawl Stone Soup version 0.18-a0-884-gb6cfd45 (webtiles) character file.

239668 M4edhros the Prestidigitator (level 19, -21/127 HPs)
             Began as an Octopode Artificer on Dec 22, 2015.
             Was an Elder of Fedhas.
             Killed from afar by a hell knight (24 damage)
             ... with a bolt of fire
             ... on level 3 of the Vaults.
             The game lasted 03:30:06 (49482 turns).

M4edhros the Prestidigitator (Octopode Artificer)  Turns: 49482, Time: 03:30:07

Health: -21/127    AC:  4    Str:  8 (10) XL:     19   Next: 75%
Magic:  8/30       EV: 23    Int: 21      God:    Fedhas [****..]
Gold:   934        SH: 14    Dex: 16 (17) Spells: 7 memorised, 11 levels left

rFire  . . .     SeeInvis .     A - +6 greatsling (elec)
rCold  . . .     Gourm    .     R - +2 shield {reflect}
rNeg   + . .     Faith    .     x - +2 hat
rPois  .         Spirit   .     v - amulet of regeneration
rElec  .         Dismiss  .     q - ring of wizardry
rCorr  .         Reflect  +     (no ring)
SustAt .         Harm     .     o - ring of stealth
MR     +++..                    S - ring of wizardry
Stlth  ++++++++..               Q - ring of invisibility
                                T - ring of Fedhas's Regard {rN+ MR++ Dex+3}
                                a - +3 ring of evasion
                                j - ring of wizardry

@: regenerating, studying Fire Magic, extremely resistant to hostile
enchantments, extraordinarily stealthy
A: almost no armour, amphibious, 8 rings, constrict 8, molten scales 1,
camouflage 1, low mp 1, robust 1, wild magic 1, gelatinous body 1, evolution 1,
MP-powered wands
a: Evolution, Sunlight, Growth, Reproduction, Renounce Religion, Evoke
Invisibility
}: 1/15 runes: decaying


You were on level 3 of the Vaults.
You worshipped Fedhas.
Fedhas was greatly pleased with you.
You were hungry.

You visited 7 branches of the dungeon, and saw 37 of its levels.
You also visited: Labyrinth and Ossuary.

You collected 3581 gold pieces.
You spent 2647 gold pieces at shops.

Inventory:

Hand Weapons
 c - the +7 dagger "Elaun" {venom, rPois rC- rN+ MR+ Int+6}
   (You took it off a deep elf elementalist on level 3 of the Elven Halls)

   It poisons the flesh of those it strikes.
   It affects your intelligence (+6).
   It makes you vulnerable to cold.
   It protects you from poison.
   It protects you from negative energy.
   It affects your resistance to hostile enchantments.
 e - the +6 spear "Weikog" {pierce, Dex+2}
   (You found it on level 5 of the Dungeon)

   It inflicts extra damage upon your enemies.
   It affects your dexterity (+2).
 r - a +1 hunting sling of venom
 s - a +0 blowgun
 A - a +6 greatsling of electrocution (weapon)
Missiles
 i - 5 curare-tipped needles
 k - 183 stones
 p - 109 sling bullets (quivered)
Armour
 x - a +2 hat (worn)
 R - a +2 shield of reflection (worn)
Magical Staves
 L - an uncursed staff of energy
Rods
 h - a +1 rod of inaccuracy (13/13)
   (You bought it in a shop on level 7 of the Dungeon)
 Y - a +6 iron rod (11/11)
   (You found it in a labyrinth)
 Z - a +4 iron rod (11/11)
   (You found it on level 2 of the Swamp)
Jewellery
 a - a +3 ring of evasion (on tentacle)
 j - a ring of wizardry (on tentacle)
 o - a ring of stealth (on tentacle)
 q - a ring of wizardry (left tentacle)
 v - an amulet of regeneration (around mantle)
 G - an uncursed amulet of dismissal
 J - an uncursed ring of teleportation
 O - an uncursed ring of poison resistance
 Q - a ring of invisibility (on tentacle)
 S - a ring of wizardry (on tentacle)
 T - the ring of Fedhas's Regard (on tentacle) {rN+ MR++ Dex+3}
   (You bought it in a shop on level 2 of the Orcish Mines)

   [ring of positive energy]

   It affects your dexterity (+3).
   It protects you from negative energy.
   It affects your resistance to hostile enchantments.
Wands
 b - a wand of heal wounds (0/9)
 y - a wand of fire (12/15)
 B - a wand of digging (8/24)
 C - a wand of fire (3/15)
 E - a wand of fire (6/15)
 P - a wand of draining (6/15)
Scrolls
 f - 5 scrolls of identify
 l - 3 scrolls of teleportation
 n - 5 scrolls of fear
 z - 4 scrolls of fog
 M - a scroll of summoning
 N - a scroll of magic mapping
Potions
 t - 2 potions of haste
 u - 6 potions of might
Books
 D - a manual of Fire Magic
Miscellaneous
 d - a fan of gales
Comestibles
 g - 34 fruits
 m - 6 beef jerkies
 F - 4 royal jellies
 I - 2 bread rations


   Skills:
 - Level 6.1 Fighting
 - Level 1.0 Short Blades
 - Level 13.0 Slings
 - Level 11.9 Dodging
 - Level 13.9 Stealth
 * Level 12.5 Shields
 + Level 10.3 Spellcasting
 + Level 4.1 Conjurations
 - Level 10.4 Charms
 * Level 6.8 Transmutations
 * Level 3.6 Fire Magic
 - Level 9.0 Air Magic
 * Level 6.8 Earth Magic
 - Level 4.5 Poison Magic
 - Level 10.0 Invocations
 + Level 14.3 Evocations


You had 11 spell levels left.
You knew the following spells:

 Your Spells              Type           Power        Failure   Level  Hunger
a - Mephitic Cloud        Conj/Pois/Air  ######..     1%          3    None
b - Ignite Poison         Fire/Trmt/Pois #####...     1%          3    None
c - Stoneskin             Trmt/Erth      ######..     1%          2    None
d - Summon Guardian Gole  Hex/Summ       ###.....     10%         3    None
e - Death's Door          Chrm/Necr      #####.....   100%        8    #######
f - Regeneration          Chrm/Necr      #####.....   1%          3    None
g - Fireball              Conj/Fire      #####.....   22%         5    ####...


Dungeon Overview and Level Annotations

Branches:
Dungeon (15/15)            Temple (0/1) D:6            Lair (8/8) D:10
  Swamp (4/4) Lair:5        Snake (0/4) Lair:4        Slime (0/6) Lair:6
    Orc (2/2) D:10            Elf (3/3) Orc:2        Vaults (4/5) D:13
  Crypt (0/3) Vaults:2     Depths (1/5) D:15

Altars:
Ashenzari
Elyvilon
Fedhas
Gozag
Pakellas
Qazlal
Ru
Sif Muna
The Shining One

Shops:
D:5 :   D:7 }%   D:14 *   Orc:2 =%*}   Elf:1 *   Elf:2 ?

Annotations:
D:5 Grinder
D:8 Erolcha
Swamp:1 Nikola
Vaults:2 Saint Roka


Innate Abilities, Weirdness & Mutations

You cannot wear most types of armour.
You are amphibious.
You can wear up to eight rings at the same time.
You can use your tentacles to constrict eight enemies at once.
Your skin changes colour to match your surroundings (Stealth).
Your rubbery body absorbs attacks (AC +1).
You are partially covered in molten scales (AC +1).
Your magical capacity is low (-10% MP).
You are robust (+10% HP).
Your spells are a little harder to cast, but a little more powerful.
You evolve.
You expend magic power (3 MP) to strengthen your wands.


Message History

* * * LOW HITPOINT WARNING * * *
The hell knight hits the hell knight with a battleaxe of draining!!!
The hell knight is killed!
The hell knight points at you and mumbles some strange words.
The bolt of fire hits you!
* * * LOW HITPOINT WARNING * * *
Read which item? (? for menu, Esc to quit)
Okay, then.
Drink which item? (? for menu, Esc to quit)
Okay, then.
The hell knight casts a spell at you. The puff of flame hits you!
* * * LOW HITPOINT WARNING * * *
You swap places.
The hell knight is engulfed in noxious fumes.
The hell knight casts a spell at you.
The bolt of fire hits your wandering mushroom.
The bolt of fire hits you!
You die...
Fedhas appreciates your contribution to the ecosystem.

#### #..##
###########'##
#...........# ####
#.....#.....#
.uu..#.....#.....#
...u.+.....#.....#
....u#....###...f# ....
#.#### ####.# ...
#....###...@# ..
#.....#....f# #
#.....#....p#
#.....#...p§#
#>........§§#
################§######
...........(....(.§§§.pp
..............§().p.§..p
.#########...§.p.....gp.


You could see 2 hell knights and 2 friendly wandering mushrooms.

Vanquished Creatures
  A tentacled monstrosity (Swamp:4)
  Asterion (Vaults:2)
  Kirke (Swamp:3)
  Donald (Vaults:2)
  2 deep elf sorcerers (Elf:1)
  4 vault wardens
  Louise (Swamp:4)
  A curse skull (Vaults:2)
  2 deep elf elementalists
  5 ironheart preservers
  2 deep elf demonologists
  5 deep elf annihilators
  A minotaur (Lab)
  7 deep elf death magi
  6 yaktaur captains
  2 fire dragons
  A vault guard (Vaults:1)
  2 rakshasas
  Harold (Lair:3)
  2 deep elf high priests (Elf:3)
  Fannar (Orc:1)
  2 ice dragons (Vaults:2)
  A catoblepas (Lair:5)
  19 hydras
  6 alligators
  2 tengu warriors (D:14)
  3 deep troll earth magi (Vaults:1)
  6 centaur warriors
  11 dancing weapons
  6 ogre magi
  2 orc high priests
  A vampire mage (D:15)
  2 death yaks (Lair:8)
  10 deep elf knights
  Sonja (Lair:1)
  2 skeletal warriors (D:15)
  2 hell knights
  A fire crab (shapeshifter) (D:14)
  6 deep trolls
  2 wizards
  A swamp dragon (shapeshifter) (Vaults:1)
  A spriggan druid (Swamp:4)
  2 harpies (Vaults:2)
  6 necromancers
  14 deep elf archers
  A flayed ghost (Vaults:2)
  52 deep elf magi
  6 swamp dragons
  6 hill giants
  9 ironbrand convokers
  5 orc knights
  24 ugly things
  A wolf spider (Vaults:3)
  2 orc sorcerers
  2 griffons
  A hornet (Vaults:1)
  5 elephants
  A sphinx skeleton (Vaults:2)
  5 black mambas
  A hornet (shapeshifter) (Vaults:1)
  2 stone giant skeletons (Vaults:2)
  A gargoyle (D:11)
  5 cyclopes
  A molten gargoyle (D:12)
  20 spiny frogs
  12 vault sentinels
  A torpor snail (Lair:8)
  An orc skeleton (Vaults:1)
  An efreet (D:13)
  2 komodo dragons
  3 wandering mushrooms
  A human zombie (Vaults:1)
  A storm dragon simulacrum (Vaults:1)
  A komodo dragon (shapeshifter) (Vaults:1)
  A tengu conjurer (D:14)
  14 two-headed ogres
  A fire drake (Lair:7)
  12 trolls
  4 freezing wraiths
  13 yaktaurs
  A slime creature (shapeshifter) (Vaults:2)
  6 giant leeches
  A raiju (shapeshifter) (D:13)
  A bog body (Swamp:3)
  42 slime creatures
  10 blink frogs
  2 boulder beetles
  A trapdoor spider (D:11)
  A deep troll skeleton (D:15)
  A redback (Vaults:2)
  4 spriggans
  3 shadows
  4 air elementals (Elf:1)
  A water elemental (Elf:1)
  4 hogs (Swamp:3)
  36 yaks
  A tarantella (Vaults:2)
  2 wyverns
  A tarantella (shapeshifter) (Vaults:2)
  2 basilisks (Lair:8)
  12 wolves
  A steam dragon (D:15)
  19 vampire mosquitoes
  A fire elemental (D:14)
  10 hippogriffs
  5 hungry ghosts
  11 water moccasins
  6 nagas (Lair:4)
  5 wargs (Orc:2)
  3 soldier ants
  21 swamp worms
  5 porcupines
  9 insubstantial wisps
  Duvessa (D:6)
  3 mottled dragons
  8 swamp drakes
  21 orc warriors
  An eye of draining (D:14)
  6 wasps
  An ogre (shapeshifter) (D:15)
  2 black bears
  A hornet simulacrum (D:14)
  36 ogres
  3 sky beasts
  4 ice beasts
  A necrophage (D:6)
  A phantom (D:6)
  5 big kobolds
  6 boggarts
  24 giant frogs
  22 centaurs
  15 crocodiles
  4 earth elementals
  Dowan (D:6)
  2 elf skeletons
  4 scorpions
  10 killer bees
  A water moccasin skeleton (D:10)
  A human simulacrum (Vaults:2)
  9 electric eels
  A vampire bat (Orc:1)
  14 wights
  2 jellies (D:7)
  A quasit (D:11)
  8 orc priests
  7 centaur skeletons
  8 crimson imps
  7 hounds
  Crazy Yiuf (D:4)
  6 giant frog skeletons
  A gnoll shaman (D:4)
  16 orc wizards
  Jessica (D:3)
  Terence (D:3)
  11 iguanas
  12 worker ants
  5 human skeletons
  39 sheep
  A hound skeleton (Ossuary)
  4 mummies (Ossuary)
  13 adders
  4 gnolls (D:4)
  32 river rats
  A shadow imp (D:11)
  3 oozes
  An adder skeleton (D:7)
  An adder zombie (Ossuary)
  A worm (D:2)
  6 giant geckos
  48 orcs
  9 bats
  5 giant cockroaches
  6 hobgoblins
  2 ball pythons
  2 giant newts
  A gnoll skeleton (Ossuary)
  7 goblins
  A goblin skeleton (Ossuary)
  A hobgoblin skeleton (Ossuary)
  18 jackals
  2 jackal skeletons
  30 kobolds
  2 kobold skeletons (Ossuary)
  6 quokkas
  3 rats
  2 rat skeletons (Ossuary)
  8 ballistomycetes
  2 crawling corpses (Vaults:2)
  12 giant spores
  A hyperactive ballistomycete (Vaults:2)
  4 toadstools
1181 creatures vanquished.

Vanquished Creatures (collateral kills)
  A deep elf blademaster (Elf:3)
  A deep elf master archer (Elf:3)
  An oklob plant (Elf:3)
  3 deep elf sorcerers (Elf:3)
  2 deep elf elementalists (Elf:3)
  7 deep elf annihilators (Elf:3)
  2 deep elf demonologists (Elf:3)
  2 deep elf death magi
  A vault guard (D:13)
  A rakshasa (Vaults:2)
  11 hydras
  A deep elf high priest (Elf:3)
  A naga warrior (Lair:4)
  A wandering mushroom (Elf:1)
  A centaur warrior (D:13)
  4 dancing weapons
  2 death yaks (Lair:8)
  2 alligators
  The ghost of Chiseanne the Unseen, a journeyman SpAs of Gozag (D:11)
  3 deep elf knights
  A storm dragon skeleton (D:15)
  An unseen horror (D:13)
  A hill giant (D:12)
  2 deep elf archers (Elf:3)
  2 swamp dragons (Swamp:4)
  An orc knight (Vaults:2)
  The ghost of M4edhros the Covert, a novice OpAr of Fedhas (D:8)
  3 griffons
  A cyclops (Orc:2)
  2 deep elf magi (Elf:3)
  A harpy (Vaults:2)
  A hornet (Swamp:4)
  5 elephants
  3 molten gargoyles (D:12)
  2 black mambas
  A centaur skeleton (D:12)
  A gargoyle (D:11)
  11 spiny frogs
  A kobold demonologist (Vaults:2)
  3 fire drakes (Lair:8)
  3 komodo dragons
  A yaktaur (Vaults:1)
  2 human skeletons (Vaults:2)
  2 giant leeches (Swamp:2)
  4 trolls
  8 slime creatures
  4 two-headed ogres
  3 blink frogs
  An air elemental (Elf:3)
  A trapdoor spider (D:12)
  A shadow (Swamp:3)
  A water elemental (Elf:3)
  3 hippogriffs
  A wraith (D:12)
  11 yaks
  3 wargs
  12 vampire mosquitoes
  A mottled dragon (Vaults:1)
  6 swamp worms
  10 wolves
  8 insubstantial wisps
  An ogre zombie (Vaults:1)
  A soldier ant (D:8)
  A naga (Lair:4)
  4 water moccasins
  3 swamp drakes
  2 ice beasts
  2 porcupines
  2 sky beasts
  3 wasps (D:8)
  A centaur (D:6)
  5 orc warriors
  4 ogres
  8 killer bees
  A crocodile (Lair:1)
  2 earth elementals
  A big kobold (D:12)
  7 giant frogs
  2 wyvern skeletons
  6 wights
  An electric eel (Elf:3)
  A jelly (D:11)
  An iguana (Lair:1)
  2 hounds
  An orc priest (D:10)
  2 worker ants
  2 orc wizards
  A sheep (Lair:4)
  2 river rats (Lair:8)
  A shadow imp (D:13)
  A ball lightning (Elf:3)
  3 orcs
  A hobgoblin (D:3)
  2 bats (Orc:1)
  A jackal (D:9)
  A kobold (D:12)
  18 giant spores
  3 hyperactive ballistomycetes
278 creatures vanquished.

Vanquished Creatures (others)
  A thorn hunter (Swamp:4)
  A ghoul (Vaults:2)
  5 oklob plants
  A centaur warrior (Vaults:1)
  2 alligators (Swamp:4)
  A spark wasp zombie (D:15)
  A wolf spider zombie (Vaults:1)
  A shambling mangrove (Swamp:4)
  A deep elf mage (Vaults:2)
  A redback zombie (Vaults:2)
  64 wandering mushrooms
  5 bog bodies
  A slime creature (Swamp:4)
  A water elemental (D:14)
  A human (Swamp:3)
  4 vampire mosquitoes
  A swamp worm (Swamp:4)
  2 swamp drakes
  3 wasps (Swamp:4)
  A centaur (D:5)
  A scorpion (shapeshifter) (Vaults:1)
  A killer bee (D:7)
  A wasp zombie (D:10)
  An orc wizard (Vaults:1)
  A killer bee zombie (D:6)
  A worker ant zombie (D:3)
  A ball lightning (Elf:3)
  An orc (Vaults:1)
  A bat (Orc:1)
  4 kobolds (Vaults:2)
  63 ballistomycetes
  22 fungi
  30 giant spores
  9 hyperactive ballistomycetes
  53 plants (Lair:8)
  1228 toadstools
1516 creatures vanquished.

Grand Total: 2975 creatures vanquished

Notes
Turn   | Place    | Note
--------------------------------------------------------------
     0 | D:1      | M4edhros the Octopode Artificer began the quest for the Orb.
     0 | D:1      | Reached XP level 1. HP: 13/13 MP: 3/3
   514 | D:3      | Reached XP level 2. HP: 8/18 MP: 4/4
   803 | D:3      | Noticed Terence
   826 | D:4      | Reached XP level 3. HP: 19/23 MP: 5/5
   878 | D:4      | Reached skill level 4 in Stealth
   878 | D:4      | Reached XP level 4. HP: 20/28 MP: 6/6
  1383 | D:4      | Reached XP level 5. HP: 27/33 MP: 6/8
  1683 | D:4      | Reached skill level 5 in Stealth
  1861 | D:4      | Noticed Crazy Yiuf
  1863 | D:4      | Killed Crazy Yiuf
  1863 | D:4      | Reached XP level 6. HP: 28/38 MP: 9/9
  1956 | D:4      | Found an oddly glowing altar of Pakellas.
  1956 | D:4      | Found a stormy altar of Qazlal.
  2342 | D:5      | Entered Level 5 of the Dungeon
  2423 | D:5      | Found a sand-covered staircase.
  2446 | D:5      | Reached skill level 6 in Stealth
  2544 | D:5      | Reached XP level 7. HP: 14/43 MP: 10/10
  2562 | D:5      | Found a shattered altar of Ashenzari.
  2565 | D:5      | Found a glowing golden altar of the Shining One.
  2568 | D:5      | Found a blossoming altar of Fedhas.
  2572 | D:5      | Became a worshipper of Fedhas Madash
  2670 | D:5      | Got an ivory spear
  2676 | Ossuary  | Entered an ossuary
  2706 | Ossuary  | Noticed braks's ghost (novice NaIE)
  2740 | Ossuary  | Identified the +6 spear "Weikog" {pierce, Dex+2} (You found it on level 5 of the Dungeon)
  2750 | Ossuary  | Reached skill level 7 in Stealth
  2835 | Ossuary  | Reached skill level 1 in Slings
  2835 | Ossuary  | Reached skill level 5 in Dodging
  3147 | Ossuary  | Reached * piety under Fedhas
  3387 | D:5      | Found Liusan's Book Shop.
  3423 | D:5      | Noticed Grinder
  3606 | D:3      | Killed Terence
  3736 | D:3      | Found an opulent altar of Gozag.
  3739 | D:3      | Noticed Jessica
  3751 | D:3      | Killed Jessica
  4142 | D:3      | Reached skill level 5 in Evocations
  4532 | D:1      | Reached ** piety under Fedhas
  4784 | D:1      | Reached XP level 8. HP: 31/48 MP: 11/11
  5507 | D:4      | Reached *** piety under Fedhas
  5525 | D:4      | Reached skill level 1 in Invocations
  5842 | D:5      | Reached skill level 8 in Stealth
  6174 | D:6      | Found a staircase to the Ecumenical Temple.
  6334 | D:6      | Reached skill level 9 in Stealth
  6413 | D:6      | Noticed Duvessa
  6417 | D:6      | Noticed Dowan
  6419 | D:6      | Killed Duvessa
  6419 | D:6      | Reached XP level 9. HP: 53/53 MP: 12/12
  6427 | D:6      | Reached skill level 5 in Slings
  6430 | D:6      | Killed Dowan
  6491 | D:6      | Found a deep blue altar of Sif Muna.
  6891 | D:7      | Found Iruaxtud's Food Shop.
  6905 | D:7      | Bought 5 fruits for 97 gold pieces
  6905 | D:7      | Bought 2 fruits for 39 gold pieces
  6905 | D:7      | Bought 4 fruits for 78 gold pieces
  7160 | D:7      | Found Kimewk's Gadget Shoppe.
  7733 | D:8      | Noticed Erolcha
  7773 | D:8      | Reached skill level 10 in Stealth
  7775 | D:8      | Paralysed by a wasp for 2 turns
  7980 | D:8      | Reached XP level 10. HP: 55/60 MP: 14/14
  8002 | D:8      | Noticed M4edhros's ghost (novice OpAr)
  8011 | D:8      | Killed M4edhros's ghost
  8493 | D:9      | Reached skill level 5 in Invocations
  8742 | D:9      | Reached **** piety under Fedhas
  9394 | D:10     | Entered Level 10 of the Dungeon
  9416 | D:10     | Found a staircase to the Orcish Mines.
  9562 | D:10     | Reached XP level 11. HP: 67/67 MP: 17/17
  9819 | D:10     | Reached skill level 11 in Stealth
  9879 | D:10     | Found a staircase to the Lair.
 10074 | D:11     | Gained mutation: You are resistant to hostile enchantments. [mutagenic meat]
 10075 | D:11     | Gained mutation: Scrolls take you a little longer to read. [mutagenic meat]
 10076 | D:11     | Gained mutation: You have a pair of small antennae on your head. [mutagenic meat]
 10077 | D:11     | Gained mutation: You are partially covered in icy blue scales (AC +1). [mutagenic meat]
 10078 | D:11     | Lost mutation: You have a pair of small antennae on your head. [mutagenic meat]
 10129 | D:11     | Noticed Chiseanne's ghost (journeyman SpAs)
 10163 | D:11     | Killed Chiseanne's ghost
 10460 | D:11     | Found a labyrinth entrance.
 10469 | Lab      | Entered a labyrinth
 10749 | Lab      | Noticed a minotaur
 10774 | Lab      | Killed a minotaur
 10790 | Lab      | Identified the Disquisition on Venomous Moulding
 11115 | D:10     | Gained mutation: You are covered in fur (AC +1). [potion of beneficial mutation]
 11184 | D:11     | Gained mutation: Your body sometimes deteriorates upon taking damage. [mutagenic meat]
 11185 | D:11     | Gained mutation: Scrolls take you longer to read. [mutagenic meat]
 11541 | D:11     | Found a white marble altar of Elyvilon.
 11617 | D:11     | Learned a level 3 spell: Mephitic Cloud
 11621 | D:11     | Learned a level 3 spell: Ignite Poison
 11624 | D:11     | Learned a level 2 spell: Stoneskin
 11628 | D:11     | Learned a level 3 spell: Summon Guardian Golem
 11670 | D:11     | Reached skill level 1 in Spellcasting
 12249 | D:12     | Noticed a hill giant
 12260 | D:12     | Killed a hill giant
 12304 | D:12     | Reached XP level 12. HP: 75/75 MP: 19/19
 12426 | D:12     | Reached skill level 12 in Stealth
 12845 | D:12     | Lost mutation: Your body sometimes deteriorates upon taking damage. [mutagenic meat]
 12846 | D:12     | Gained mutation: You regenerate slowly when monsters are visible. [mutagenic meat]
 12847 | D:12     | Gained mutation: You are frail (-10% HP). [mutagenic meat]
 12849 | D:12     | Lost mutation: Scrolls take you longer to read. [potion of cure mutation]
 12849 | D:12     | Lost mutation: You are covered in fur (AC +1). [potion of cure mutation]
 12849 | D:12     | Lost mutation: Scrolls take you a little longer to read. [potion of cure mutation]
 12849 | D:12     | Lost mutation: You are resistant to hostile enchantments. [potion of cure mutation]
 12849 | D:12     | Lost mutation: You are partially covered in icy blue scales (AC +1). [potion of cure mutation]
 12849 | D:12     | Lost mutation: You are frail (-10% HP). [potion of cure mutation]
 13756 | D:13     | Reached skill level 5 in Fighting
 13756 | D:13     | Reached skill level 1 in Poison Magic
 14111 | D:13     | Noticed an eight-headed hydra
 14128 | D:13     | Killed an eight-headed hydra
 14128 | D:13     | Reached skill level 10 in Slings
 14128 | D:13     | Reached skill level 1 in Conjurations
 14142 | D:13     | Noticed a seven-headed hydra
 14155 | D:13     | Killed a seven-headed hydra
 14155 | D:13     | Reached skill level 1 in Transmutations
 14155 | D:13     | Reached skill level 1 in Earth Magic
 14155 | D:13     | Reached skill level 10 in Evocations
 14282 | D:13     | Noticed a centaur warrior
 14387 | D:13     | Killed a centaur warrior
 14387 | D:13     | Reached skill level 1 in Air Magic
 14389 | D:13     | Noticed a vault guard
 14405 | D:13     | Killed a vault guard
 14621 | D:13     | Found a gate to the Vaults.
 14896 | D:14     | Noticed a centaur warrior
 14896 | D:14     | Noticed a centaur warrior
 14896 | D:14     | Noticed a five-headed hydra
 15093 | Lair:1   | Entered Level 1 of the Lair of Beasts
 15288 | Lair:1   | Noticed a five-headed hydra
 15296 | Lair:1   | Killed a five-headed hydra
 15297 | Lair:1   | Noticed Sonja
 15303 | Lair:1   | Killed Sonja
 15705 | Lair:2   | Reached ***** piety under Fedhas
 15774 | Lair:2   | Reached XP level 13. HP: 78/82 MP: 20/20
 16870 | Lair:3   | Noticed Harold
 16879 | Lair:3   | Killed Harold
 18028 | Orc:1    | Entered Level 1 of the Orcish Mines
 18032 | Orc:1    | Reached skill level 10 in Dodging
 18033 | Orc:1    | Noticed Fannar
 18106 | Orc:1    | Killed Fannar
 18382 | Orc:2    | Entered Level 2 of the Orcish Mines
 18899 | Orc:2    | Reached XP level 14. HP: 27/90 MP: 4/22
 19066 | Orc:2    | Found Ugunirei's Gadget Boutique.
 19072 | Orc:2    | Found Lal Ung's Assorted Antiques.
 19147 | Orc:2    | Found Leqin's Food Shop.
 19151 | Orc:2    | Found Erritet's Jewellery Boutique.
 19153 | Orc:2    | Bought a blue potion for 27 gold pieces
 19153 | Orc:2    | Bought a puce potion for 27 gold pieces
 19154 | Orc:2    | Gained mutation: One of your tentacles bears a spike. [potion of mutation]
 19154 | Orc:2    | Gained mutation: You do not regenerate naturally when monsters are visible. [potion of mutation]
 19154 | Orc:2    | Gained mutation: You are partially covered in rugged brown scales (AC +1, +3% HP). [potion of mutation]
 19155 | Orc:2    | Lost mutation: One of your tentacles bears a spike. [potion of cure mutation]
 19155 | Orc:2    | Lost mutation: You do not regenerate naturally when monsters are visible. [potion of cure mutation]
 19155 | Orc:2    | Lost mutation: You are partially covered in rugged brown scales (AC +1, +3% HP). [potion of cure mutation]
 19155 | Orc:2    | Lost mutation: You regenerate slowly when monsters are visible. [potion of cure mutation]
 19183 | Orc:2    | Bought a +3 ring of evasion for 252 gold pieces
 19183 | Orc:2    | Bought the ring of Fedhas's Regard {rN+ MR++ Dex+3} for 500 gold pieces
 19187 | Orc:2    | Found a staircase to the Elven Halls.
 19197 | Orc:2    | Bought 3 fruits for 49 gold pieces
 19197 | Orc:2    | Bought 3 fruits for 49 gold pieces
 19828 | Lair:4   | Found a staircase to the Snake Pit.
 20573 | Lair:5   | Found a staircase to the Swamp.
 21454 | Lair:5   | Reached skill level 13 in Stealth
 21494 | Lair:6   | Found a staircase to the Slime Pits.
 23616 | Lair:8   | Entered Level 8 of the Lair of Beasts
 24179 | Lair:8   | Reached XP level 15. HP: 94/94 MP: 24/24
 24669 | Lair:8   | Reached skill level 5 in Earth Magic
 25677 | Elf:1    | Entered Level 1 of the Elven Halls
 25800 | Swamp:1  | Entered Level 1 of the Swamp
 26045 | Swamp:1  | You fall through a shaft!
 26430 | Swamp:2  | Reached skill level 5 in Spellcasting
 26485 | Swamp:2  | Reached skill level 5 in Transmutations
 27116 | Swamp:2  | Reached skill level 1 in Shields
 27364 | Swamp:3  | Reached skill level 5 in Air Magic
 27373 | Swamp:3  | Noticed Kirke
 27386 | Swamp:3  | Killed Kirke
 28585 | Swamp:4  | Entered Level 4 of the Swamp
 28638 | Swamp:4  | Noticed a tentacled monstrosity
 28805 | Swamp:4  | Killed a thorn hunter
 29030 | Swamp:4  | Killed a tentacled monstrosity
 29030 | Swamp:4  | Reached XP level 16. HP: 92/99 MP: 6/25
 29317 | Swamp:4  | Got a decaying rune of Zot
 29581 | Swamp:4  | Noticed Louise
 29602 | Swamp:4  | Killed Louise
 29666 | Swamp:4  | Reached skill level 10 in Invocations
 30523 | Swamp:1  | Reached skill level 5 in Shields
 30575 | Swamp:1  | Noticed Nikola
 30876 | Vaults:1 | Entered Level 1 of the Vaults
 32080 | Vaults:1 | Found a sacrificial altar of Ru.
 32275 | Vaults:1 | Reached XP level 17. HP: 86/105 MP: 20/27
 32424 | Vaults:1 | Learned a level 8 spell: Death's Door
 32519 | Vaults:1 | Reached skill level 1 in Charms
 32998 | Vaults:1 | HP: 4/105 [rakshasa/trident of freezing (5)]
 33915 | Vaults:2 | Found a staircase to the Crypt.
 34077 | Vaults:2 | Gained mutation: You evolve. [mutagenic meat]
 34079 | Vaults:2 | Gained mutation: Your mind is acute. (Int +2) [mutagenic meat]
 34127 | Vaults:2 | Gained mutation: You are frail (-10% HP). [mutagenic meat]
 34129 | Vaults:2 | Gained mutation: You are agile. (Dex +2) [mutagenic meat]
 34130 | Vaults:2 | Gained mutation: Your flesh is heat resistant. [mutagenic meat]
 34570 | Vaults:2 | Noticed Asterion
 34597 | Vaults:2 | Killed Asterion
 34608 | Vaults:2 | Gained mutation: You are weak. (Str -2) [mutagenic meat]
 34703 | Vaults:2 | Gained mutation: You are partially covered in molten scales (AC +1). [mutagenic meat]
 34704 | Vaults:2 | Gained mutation: You expend magic power (3 MP) to strengthen your wands. [mutagenic meat]
 34920 | Vaults:1 | Reached skill level 5 in Charms
 35787 | Vaults:2 | Noticed Saint Roka
 35829 | Vaults:2 | Noticed Donald
 35855 | Vaults:2 | Killed Donald
 36342 | Vaults:2 | You fall through a shaft for 2 floors!
 37104 | D:14     | Lost mutation: Your flesh is heat resistant. [mutagenic meat]
 37105 | D:14     | Gained mutation: Your magical capacity is low (-10% MP). [mutagenic meat]
 37106 | D:14     | Lost mutation: You are agile. (Dex +2) [mutagenic meat]
 37107 | D:14     | Lost mutation: You are frail (-10% HP). [mutagenic meat]
 37145 | D:14     | Reached XP level 18. HP: 57/110 MP: 25/27
 37267 | D:14     | Reached skill level 10 in Shields
 37487 | D:14     | Gained mutation: You are occasionally teleported next to monsters. [mutagenic meat]
 37488 | D:14     | Gained mutation: Your body sometimes deteriorates upon taking damage. [mutagenic meat]
 37505 | D:14     | Lost mutation: You are occasionally teleported next to monsters. [mutagenic meat]
 37507 | D:14     | Lost mutation: Your mind is acute. (Int +2) [mutagenic meat]
 37546 | D:14     | Found Gozag's Platinum Reserve.
 37548 | D:14     | Found an opulent altar of Gozag.
 38085 | D:15     | Entered Level 15 of the Dungeon
 38284 | D:15     | Found a staircase to the Depths.
 38975 | Depths:1 | Entered Level 1 of the Depths
 39426 | D:7      | Bought a +1 rod of inaccuracy (13/13) for 1425 gold pieces
 40725 | Elf:1    | Identified Cypsyanu's Incunabulum of the Entourage (You found it on level 1 of the Elven Halls)
 40920 | Elf:1    | Found Iqarchom's General Store.
 40928 | Elf:1    | Bought a potion of heal wounds for 65 gold pieces
 41901 | Elf:2    | Found Wegez's Magic Scroll Emporium.
 41959 | Elf:3    | Entered Level 3 of the Elven Halls
 42225 | Elf:3    | Lost mutation: You are weak. (Str -2) [evolution]
 42672 | Elf:3    | Reached skill level 10 in Charms
 42708 | Elf:3    | Reached XP level 19. HP: 80/116 MP: 29/29
 43044 | Elf:3    | Got a warped scythe {drain}
 43296 | Elf:3    | Was placed under penance by Fedhas
 43296 | Elf:3    | Reached skill level 14 in Evocations
 43300 | Elf:3    | Reached skill level 10 in Spellcasting
 44146 | Elf:3    | Was forgiven by Fedhas
 44281 | Elf:3    | Identified the Reference Book on Shape Shifting
 44513 | Elf:3    | HP: 3/116 [deep elf elementalist/encrusted dagger {venom} (5)]
 44838 | Elf:2    | Bought a scroll of remove curse for 39 gold pieces
 44859 | Elf:3    | Got an encrusted dagger {venom}
 44900 | Elf:3    | Identified the +7 dagger "Elaun" {venom, rPois rC- rN+ MR+ Int+6} (You took it off a deep elf elementalist on level 3 of the Elven Halls)
 45551 | Elf:3    | HP: 3/116 [deep elf archer/arrow of frost (4)]
 45563 | Elf:3    | Gained mutation: You are robust (+10% HP). [evolution]
 46006 | Elf:3    | Got a scorched bronze amulet
 46007 | Elf:3    | Identified the amulet "Puva" {Inacc rPois Str-2 Int+5} (You found it on level 3 of the Elven Halls)
 46121 | Elf:3    | Learned a level 3 spell: Regeneration
 46125 | Elf:3    | Identified Dispater's Incunabulum of Clay
 46128 | Elf:3    | Identified the Catalogue of Burning Arcane Weapons
 46136 | Elf:3    | Learned a level 5 spell: Fireball
 46867 | Elf:1    | Reached skill level 1 in Fire Magic
 48447 | Vaults:2 | Lost mutation: Your body sometimes deteriorates upon taking damage. [mutagenic meat]
 48448 | Vaults:2 | Gained mutation: Your spells are a little harder to cast, but a little more powerful. [mutagenic meat]
 49481 | Vaults:3 | HP: 1/127 [hell knight/puff of flame (9)]
 49482 | Vaults:3 | Killed from afar by a hell knight

Vault maps used:
D:1:      dpeg_arrival_lava_temple_mockup, minmay_misc_feat_roman,
          grunt_decor_cap
D:2:      st_stairs_8, kennysheep_generic_room_15
D:3:      overflow_temple_1_default, uniq_jessica, uniq_terence
D:4:      gammafunk_temple_overflow_pools, minivault_11, uniq_crazy_yiuf_cottage
D:5:      grunt_temple_overflow_diamond, nicolae_ossuary_entry_ruins,
          serial_shops, shop, first_bread, uniq_grinder
D:6:      nicolae_overflow_hidden_temple, minmay_temple_entry_trees,
          uniq_duvessa
D:7:      serial_shops, nicolae_shop_scaring_up_business, shop
D:8:      hangedman_pestilent_swarm, uniq_erolcha
D:9:      bh_walls_and_bars
D:10:     lair_0_dummy, orc_0_dummy
D:11:     lab_entry_generic, basic_altar
D:12:     minivault_8
D:13:     david_vaults_5
D:14:     nicolae_lava_and_water, nicolae_gozag_zags_fifth_avenue
D:15:     gammafunk_depths_entry_grave, glass_columns_a
Lair:1:   st_stairs_10, uniq_sonja
Lair:2:   infiniplex_staircase_pool, grunt_megastairs_1
Lair:3:   lemuel_fruit_tree, uniq_harold
Lair:4:   minmay_snake_entry_guardpost_large
Lair:5:   swamp_mist
Lair:6:   slime_dummy
Lair:7:   grunt_megastairs_3, lemuel_fruit_fields
Lair:8:   minmay_lair_end_frog_pond, minmay_lair_drake_nest, grunt_megastairs_4
Swamp:1:  evilmike_swamp_ruin_house_4, uniq_nikola
Swamp:2:  infiniplex_staircase_pool_2, swamp_pool2
Swamp:3:  evilmike_swamp_ruin_house_3, uniq_kirke
Swamp:4:  swamp, uniq_louise
Orc:1:    roderic_batcave, uniq_fannar
Orc:2:    st_orc_open, mines5_lemuel
Elf:1:    eino_elf_arrival_customs, serial_shops, nicolae_shop_stone,
          hangedman_elf_disciples, minmay_elf_demonology
Elf:2:    serial_shops, shop, shop, shop, shop, uniq_agnes
Elf:3:    minmay_elf_hall_spiked, minivault_20, sword_in_stone
Vaults:1: nicolae_vaults_little_squares_3, v_rooms_1, v_pattern_3,
          vaults_dpeg_hooks, ontoclasm_vaults_shuriken, v_misc_30,
          hangedman_vaults_stretched_pinwheel, basic_altar
Vaults:2: hangedman_vaults_pinch, v_alt_pattern_2, v_misc_10, serial_ice_m,
          nicolae_vaults_diagonal_hallway_7, v_misc_22,
          vaults_mumra_minichess_inversion, minmay_crypt_entry_simple_walls,
          grunt_vaults_hallway_long, ontoclasm_vaults_gateway,
          ontoclasm_vaults_misaligned, ontoclasm_vaults_eye,
          nicolae_vaults_yaktaur_gun_rack, uniq_saint_roka, uniq_asterion,
          uniq_donald
Vaults:3: vaults_room_pools, ontoclasm_vaults_ring_small, v_misc_24,
          nicolae_vaults_rhombus_7, grunt_vaults_twisty, v_misc_5,
          vaults_mumra_hex, nicolae_vaults_display_case, v_misc_33, v_misc_10,
          v_alt_pattern_2, nicolae_vaults_little_squares_5,
          nicolae_vaults_little_squares_3, grunt_vaults_hallway_short,
          serial_shops, shop
Vaults:4: nicolae_vaults_big_angled_halls, v_misc_16, hangedman_vaults_nails,
          v_misc_32, vaults_room_semicircle, hangedman_vaults_nails,
          nicolae_vaults_sealed_display, vaults_room_pools
Depths:1: kennysheep_nub, lightli_too_deep, minmay_variable_closet,
          minmay_misc_feat_diagonals, fountainhead, minmay_misc_feat_square,
          minmay_misc_feat_enclosed, kennysheep_generic_room_16
Lab:      labyrinth_mini_lab, nicolae_lab_t_cross, lab_hedge,
          nicolae_lab_starburst, nicolae_lab_lava, labyrinth_skeletal_remains,
          nicolae_lab_plus, nicolae_lab_swirl, nicolae_lab_big_swirl,
          nicolae_lab_very_dead_end
Ossuary:  ossuary_minmay_tomb_2a

Action                   |  1- 3 |  4- 6 |  7- 9 | 10-12 | 13-15 | 16-18 | 19-21 || total
-------------------------+-------+-------+-------+-------+-------+-------+-------++-------
Melee: Short sword       |    44 |    25 |       |       |       |       |       ||    69
       Quarterstaff      |       |    30 |     7 |       |       |       |       ||    37
       Spear             |       |       |   151 |     9 |       |    62 |    44 ||   266
       Greatsling        |       |       |       |     1 |     1 |       |       ||     2
       Dagger            |       |       |       |       |       |       |   182 ||   182
 Fire: Greatsling        |       |       |   177 |   760 |  1636 |  1936 |   310 ||  4819
       Hunting sling     |       |       |       |       |       |    29 |       ||    29
 Cast: Mephitic Cloud    |       |       |       |     3 |     8 |   134 |    44 ||   189
       Ignite Poison     |       |       |       |       |     1 |       |     1 ||     2
       Regeneration      |       |       |       |       |       |       |     1 ||     1
Invok: Evolution         |       |       |     6 |    12 |    36 |    39 |     6 ||    99
       Sunlight          |       |       |     3 |    10 |     2 |    22 |    13 ||    50
       Growth            |       |       |       |     1 |       |     1 |       ||     2
       Reproduction      |       |       |       |     1 |     9 |     6 |     1 ||    17
       Rain              |       |       |       |       |     4 |       |       ||     4
Evoke: Wand              |     3 |    26 |    19 |    10 |    24 |    21 |    10 ||   113
       Rod               |       |       |       |     5 |     2 |    24 |    16 ||    47
       Fan of gales      |       |       |       |       |     1 |     2 |     2 ||     5
  Use: Scroll            |       |     7 |    14 |     9 |     9 |    14 |    17 ||    70
       Potion            |       |     2 |     7 |     8 |    12 |     9 |    11 ||    49
 Stab: Sleeping          |     4 |     6 |    27 |       |       |     1 |     1 ||    39
       Paralysed         |       |     1 |       |       |       |       |       ||     1
       Confused          |       |       |       |       |       |     3 |    16 ||    19
       Distracted        |       |       |       |       |       |       |     1 ||     1
  Eat: Chunk             |       |     5 |       |    14 |       |    27 |     9 ||    55
       Meat ration       |       |       |     2 |       |     3 |     1 |     2 ||     8
       Bread ration      |       |       |     1 |     6 |     5 |     4 |       ||    16
       Pizza             |       |       |     1 |       |     1 |     1 |       ||     3
       Royal jelly       |       |       |     1 |       |       |     9 |       ||    10
       Beef jerky        |       |       |       |     2 |     2 |     2 |     3 ||     9
